[ AOE2 MATCH · #513601398 ]
UnrankedMuisca vs Civ #62
Player's team · LOSS
Rival team · WIN
[ REPLAY ANALYSIS · EXTRACTED FROM THE RECORDED GAME ]
Feudal
14:53
Castle
18:49
Imperial
32:29
| APM avg | 35.9 |
| APM peak | 91 |
| eAPM avg | 13.3 |
| Villagers / military | 47 / 11 |
Focus
⚔️ 29.3% · 🌾 70.7%
Unknown (2562) ×25 · Fishing Ship ×11 · Petard ×3 · Trebuchet (Packed) ×3 · Hulk ×2 · Fire Galley ×2
Feudal
12:41
Castle
16:15
Imperial
33:04
| APM avg | 43.0 |
| APM peak | 77 |
| eAPM avg | 25.7 |
| Villagers / military | 101 / 16 |
Focus
⚔️ 27.7% · 🌾 72.3%
Fishing Ship ×19 · Unknown (2711) ×12 · Monk ×4 · Mangonel ×4 · Battering Ram ×3 · Trebuchet (Packed) ×3
Match map
Initial resources + every placement click. Lines = walls · curves = elevation contours. ◆ gold · ⬟ stone · ● berries · ✦ relic · ◌ wall gap
Your base· Open — 7t gap
mag1128's base· Open — unwalled flank
Smoothed initial terrain · ◌ = detected wall gap · hover for details
Inputs per minute
— niksu - - mag1128
Build order — niksu
First 150 of 153 actions detected
| 0:24 | Build | Dock |
| 0:27 | Build | House |
| 0:34 | Build | Town Center |
| 2:31 | Queue | Villager (Male) |
| 2:31 | Queue | Villager (Male) |
| 2:31 | Queue | Villager (Male) |
| 2:31 | Queue | Villager (Male) |
| 3:32 | Queue | Fishing Ship |
| 3:58 | Queue | Villager (Male) |
| 4:42 | Research | Loom |
| 5:09 | Queue | Villager (Male) |
| 5:09 | Queue | Villager (Male) |
| 5:17 | Queue | Fishing Ship |
| 5:17 | Queue | Fishing Ship |
| 5:23 | Build | House |
| 5:38 | Queue | Villager (Male) |
| 6:02 | Queue | Villager (Male) |
| 6:26 | Queue | Villager (Male) |
| 6:28 | Queue | Fishing Ship |
| 6:49 | Build | House |
| 6:53 | Queue | Villager (Male) |
| 7:07 | Queue | Villager (Male) |
| 7:42 | Queue | Villager (Male) |
| 8:03 | Queue | Villager (Male) |
| 8:17 | Build | Settlement |
| 8:19 | Queue | Villager (Male) |
| 8:24 | Queue | Villager (Male) |
| 8:33 | Queue | Fishing Ship |
| 8:45 | Queue | Villager (Male) |
| 9:11 | Queue | Villager (Male) |
| 9:20 | Queue | Fishing Ship |
| 9:52 | Queue | Villager (Male) |
| 10:13 | Queue | Fishing Ship |
| 10:23 | Build | House |
| 10:49 | Queue | Villager (Male) |
| 11:26 | Build | Settlement |
| 11:28 | Queue | Villager (Male) |
| 11:38 | Research | Feudal Age |
| 11:45 | Queue | Villager (Male) |
| 11:45 | Queue | Villager (Male) |
| 11:51 | Research | Feudal Age |
| 12:35 | Queue | Villager (Male) |
| 12:42 | Build | Settlement |
| 13:42 | Build | Outpost |
| 14:19 | Build | Outpost |
| 14:33 | Queue | Villager (Male) |
| 14:43 | Build | Outpost |
| 14:53 | Age | Feudal Age |
| 15:02 | Build | Market |
| 15:17 | Build | Blacksmith |
| 15:19 | Queue | Villager (Male) |
| 15:31 | Research | Double-Bit Axe |
| 15:42 | Queue | Villager (Male) |
| 16:06 | Research | Castle Age |
| 16:14 | Build | Settlement |
| 16:58 | Build | Stone Wall |
| 17:13 | Research | Gold Mining |
| 17:17 | Research | Fletching |
| 17:25 | Build | House |
| 18:11 | Queue | Hulk |
| 18:12 | Queue | Hulk |
| 18:16 | Research | Padded Archer Armor |
| 18:49 | Age | Castle Age |
| 18:53 | Queue | Fire Galley |
| 18:54 | Queue | Fire Galley |
| 19:20 | Build | Castle |
| 19:27 | Queue | Villager (Male) |
| 19:27 | Queue | Villager (Male) |
| 19:31 | Research | Bow Saw |
| 19:53 | Build | Dock |
| 20:29 | Queue | Villager (Male) |
| 20:50 | Queue | Unit 2562 |
| 20:50 | Queue | Unit 2562 |
| 20:50 | Queue | Unit 2562 |
| 21:17 | Queue | Fishing Ship |
| 21:17 | Queue | Fishing Ship |
| 21:17 | Queue | Fishing Ship |
| 21:22 | Queue | Villager (Male) |
| 21:32 | Research | Horse Collar |
| 21:40 | Queue | Villager (Male) |
| 21:47 | Queue | Villager (Male) |
| 21:49 | Queue | Unit 2562 |
| 21:50 | Queue | Unit 2562 |
| 22:04 | Research | Bodkin Arrow |
| 22:06 | Queue | Unit 2562 |
| 22:20 | Queue | Fishing Ship |
| 22:36 | Queue | Unit 2562 |
| 22:51 | Queue | Unit 2562 |
| 22:51 | Queue | Unit 2562 |
| 23:02 | Build | University |
| 23:31 | Queue | Villager (Male) |
| 23:31 | Queue | Unit 2562 |
| 23:38 | Queue | Villager (Male) |
| 23:46 | Research | Town Watch |
| 24:06 | Queue | Villager (Male) |
| 24:08 | Queue | Unit 2562 |
| 24:08 | Queue | Unit 2562 |
| 24:13 | Build | Farm |
| 24:14 | Build | Farm |
| 24:14 | Build | Farm |
| 24:14 | Build | Farm |
| 24:14 | Build | Farm |
| 24:32 | Research | Leather Archer Armor |
| 24:47 | Queue | Villager (Male) |
| 24:47 | Queue | Villager (Male) |
| 24:47 | Queue | Unit 2562 |
| 24:54 | Build | Farm |
| 24:54 | Build | Farm |
| 24:54 | Build | Farm |
| 24:54 | Build | Farm |
| 24:55 | Queue | Villager (Male) |
| 25:24 | Queue | Villager (Male) |
| 25:25 | Queue | Unit 2562 |
| 25:25 | Queue | Unit 2562 |
| 25:29 | Queue | Villager (Male) |
| 26:25 | Queue | Unit 2562 |
| 26:26 | Queue | Unit 2562 |
| 26:31 | Build | Farm |
| 26:31 | Build | Farm |
| 26:31 | Build | Farm |
| 26:31 | Build | Farm |
| 26:31 | Build | Farm |
| 26:32 | Build | Farm |
| 26:32 | Build | Farm |
| 26:32 | Build | Farm |
| 26:32 | Build | Farm |
| 26:34 | Queue | Villager (Male) |
| 26:34 | Queue | Villager (Male) |
| 27:09 | Queue | Unit 2562 |
| 27:09 | Queue | Unit 2562 |
| 27:19 | Build | Settlement |
| 27:42 | Queue | Petard |
| 27:43 | Queue | Petard |
| 28:40 | Queue | Petard |
| 28:44 | Queue | Villager (Male) |
| 29:19 | Research | Imperial Age |
| 29:45 | Build | Siege Workshop |
| 30:19 | Queue | Unit 2562 |
| 30:19 | Queue | Unit 2562 |
| 30:19 | Queue | Unit 2562 |
| 30:56 | Queue | Mangonel |
| 31:40 | Queue | Unit 2562 |
| 31:40 | Queue | Unit 2562 |
| 31:40 | Queue | Unit 2562 |
| 32:29 | Age | Imperial Age |
| 32:35 | Queue | Trebuchet (Packed) |
| 32:41 | Research | Bracer |
| 32:54 | Research | Chemistry |
| 33:16 | Queue | Villager (Male) |
| 33:30 | Queue | Trebuchet (Packed) |
Build order — mag1128
First 150 of 260 actions detected
| 0:13 | Build | House |
| 0:17 | Build | Town Center |
| 1:07 | Build | Dock |
| 2:23 | Queue | Villager (Male) |
| 2:23 | Queue | Villager (Male) |
| 2:23 | Queue | Villager (Male) |
| 2:24 | Queue | Villager (Male) |
| 2:24 | Queue | Villager (Male) |
| 3:49 | Queue | Fishing Ship |
| 3:50 | Queue | Fishing Ship |
| 3:57 | Queue | Villager (Male) |
| 3:57 | Queue | Villager (Male) |
| 4:10 | Build | House |
| 4:24 | Queue | Villager (Male) |
| 4:24 | Queue | Villager (Male) |
| 5:00 | Queue | Villager (Male) |
| 5:01 | Queue | Villager (Male) |
| 5:03 | Build | House |
| 5:05 | Build | Palisade Wall |
| 5:23 | Queue | Fishing Ship |
| 5:23 | Queue | Fishing Ship |
| 5:24 | Queue | Villager (Male) |
| 5:53 | Queue | Villager (Male) |
| 5:53 | Queue | Villager (Male) |
| 6:14 | Queue | Fishing Ship |
| 6:16 | Queue | Villager (Male) |
| 6:33 | Queue | Villager (Male) |
| 6:46 | Queue | Fishing Ship |
| 7:03 | Queue | Villager (Male) |
| 7:04 | Queue | Villager (Male) |
| 7:04 | Queue | Villager (Male) |
| 7:14 | Build | House |
| 7:40 | Queue | Fishing Ship |
| 7:54 | Build | House |
| 8:01 | Queue | Villager (Male) |
| 8:01 | Queue | Villager (Male) |
| 8:22 | Build | Palisade Wall |
| 8:23 | Build | Palisade Wall |
| 8:30 | Build | House |
| 8:33 | Queue | Villager (Male) |
| 8:38 | Queue | Fishing Ship |
| 8:42 | Build | House |
| 9:04 | Build | House |
| 9:15 | Queue | Villager (Male) |
| 9:21 | Build | Mining Camp |
| 9:40 | Queue | Villager (Male) |
| 9:51 | Build | Palisade Wall |
| 10:01 | Queue | Villager (Male) |
| 10:09 | Build | Mining Camp |
| 10:22 | Research | Feudal Age |
| 11:01 | Build | Mill |
| 12:13 | Queue | Villager (Male) |
| 12:41 | Age | Feudal Age |
| 12:44 | Build | Market |
| 12:46 | Build | Blacksmith |
| 13:07 | Queue | Villager (Male) |
| 13:17 | Build | Lumber Camp |
| 13:35 | Research | Castle Age |
| 13:47 | Build | Outpost |
| 14:00 | Build | Dock |
| 14:30 | Research | Double-Bit Axe |
| 14:57 | Research | Loom |
| 15:03 | Research | Fishing Lines |
| 15:03 | Queue | Fishing Ship |
| 15:52 | Queue | Villager (Male) |
| 16:15 | Age | Castle Age |
| 16:16 | Queue | Longboat |
| 16:16 | Queue | Longboat |
| 16:18 | Build | House |
| 16:19 | Build | House |
| 16:22 | Research | Bow Saw |
| 16:32 | Build | Castle |
| 16:42 | Queue | Villager (Male) |
| 16:52 | Queue | Villager (Male) |
| 17:06 | Research | Gillnets |
| 17:24 | Queue | Villager (Male) |
| 17:35 | Queue | Fishing Ship |
| 17:37 | Queue | Fishing Ship |
| 17:42 | Queue | Unit 2711 |
| 17:43 | Queue | Unit 2711 |
| 18:09 | Build | Dock |
| 18:15 | Queue | Unit 2711 |
| 18:17 | Queue | Villager (Male) |
| 18:34 | Queue | Villager (Male) |
| 18:37 | Build | Monastery |
| 19:01 | Queue | Villager (Male) |
| 19:02 | Queue | Unit 2711 |
| 19:20 | Queue | Villager (Male) |
| 19:22 | Build | Town Center |
| 19:36 | Build | Palisade Wall |
| 19:37 | Research | Town Watch |
| 19:39 | Queue | Villager (Male) |
| 20:01 | Queue | Villager (Male) |
| 20:04 | Queue | Villager (Male) |
| 20:18 | Queue | Unit 2711 |
| 20:21 | Queue | Villager (Male) |
| 20:27 | Queue | Monk |
| 20:38 | Queue | Villager (Male) |
| 20:41 | Build | Town Center |
| 21:03 | Research | Horse Collar |
| 21:10 | Build | Lumber Camp |
| 21:13 | Build | Lumber Camp |
| 21:19 | Queue | Villager (Male) |
| 21:19 | Queue | Villager (Male) |
| 21:27 | Build | Farm |
| 21:28 | Build | Farm |
| 21:29 | Build | Farm |
| 21:34 | Build | Outpost |
| 21:47 | Build | Outpost |
| 21:53 | Queue | Monk |
| 22:02 | Queue | Fishing Ship |
| 22:02 | Queue | Fishing Ship |
| 22:12 | Queue | Villager (Male) |
| 22:13 | Queue | Villager (Male) |
| 22:13 | Queue | Villager (Male) |
| 22:15 | Build | Farm |
| 22:23 | Queue | Unit 2711 |
| 22:35 | Queue | Villager (Male) |
| 22:35 | Queue | Villager (Male) |
| 22:37 | Build | Farm |
| 22:38 | Build | Farm |
| 22:38 | Build | Farm |
| 22:38 | Build | Farm |
| 22:38 | Build | Farm |
| 22:53 | Queue | Unit 2711 |
| 23:03 | Build | Siege Workshop |
| 23:24 | Queue | Villager (Male) |
| 23:24 | Queue | Villager (Male) |
| 23:24 | Queue | Villager (Male) |
| 23:26 | Queue | Villager (Male) |
| 23:30 | Build | Stone Wall |
| 23:36 | Queue | Villager (Male) |
| 23:37 | Queue | Battering Ram |
| 23:54 | Queue | Fishing Ship |
| 24:08 | Queue | Monk |
| 24:13 | Build | Stone Wall |
| 24:31 | Queue | Mangonel |
| 24:35 | Build | Gate |
| 24:44 | Queue | Villager (Male) |
| 24:44 | Queue | Villager (Male) |
| 24:46 | Build | Farm |
| 24:46 | Build | Farm |
| 24:46 | Build | Farm |
| 24:46 | Build | Farm |
| 24:47 | Build | Farm |
| 25:20 | Queue | Battering Ram |
| 25:22 | Queue | Unit 2711 |
| 25:22 | Queue | Unit 2711 |
| 25:23 | Research | Scale Mail Armor |
| 25:23 | Research | Forging |
Match timeline
| 0:24 | niksu · first_building Dock |
| 1:07 | mag1128 · first_building Dock |
| 5:05 | mag1128 · wall_segment Palisade Wall x2 |
| 8:22 | mag1128 · wall_segment Palisade Wall x1 |
| 8:23 | mag1128 · wall_segment Palisade Wall x1 |
| 9:51 | mag1128 · wall_segment Palisade Wall x4 |
| 12:41 | mag1128 · age_up feudal |
| 14:53 | niksu · age_up feudal |
| 16:04 | niksu · first_market_sell 100 stone |
| 16:15 | mag1128 · age_up castle |
| 16:32 | mag1128 · first_building Castle |
| 16:58 | niksu · wall_segment Stone Wall x7 |
| 18:37 | mag1128 · first_building Monastery |
| 18:49 | niksu · age_up castle |
| 19:20 | niksu · first_building Castle |
| 19:36 | mag1128 · wall_segment Palisade Wall x8 |
| 21:02 | mag1128 · first_market_buy 100 food |
| 21:29 | niksu · first_market_buy 100 food |
| 23:03 | mag1128 · first_building Siege Workshop |
| 23:30 | mag1128 · wall_segment Stone Wall x6 |
| 24:13 | mag1128 · wall_segment Stone Wall x7 |
| 29:45 | niksu · first_building Siege Workshop |
| 29:49 | mag1128 · first_market_sell 100 wood |
| 30:05 | mag1128 · wall_segment Stone Wall x4 |
| 30:06 | mag1128 · wall_segment Stone Wall x3 |
| 30:24 | mag1128 · wall_segment Stone Wall x7 |
| 30:53 | mag1128 · wall_segment Stone Wall x2 |
| 32:29 | niksu · age_up imperial |
| 33:04 | mag1128 · age_up imperial |
| 35:33 | niksu · resign |
[ AI ANALYSIS · 1 CREDIT ]
What really happened in this match?
Wolo.gg analyzes every decision: build order, eco, micro, common mistakes by bracket. Personalized analysis on WhatsApp or Discord in 30 seconds.
Civ guide
Muisca
Perfil
Jugador #1885593